Map: Defender's Landing LE

Players

gerardo

  • Race: Protoss Protoss
  • League: Silver
  • Spawn Location: 7:00

Whiskydog - Winner!

  • Race: Terran Terran
  • League: Silver
  • Spawn Location: 1:00

VOD

Have the link to the VOD?

Description

Time

  • Played on: June 3, 2017, 6:32 p.m.
  • Length: 8:48
Show
View Real Time Build Order
Export as new Build Order

gerardo Protoss 

Build Orders:  

Get SALT Encoding   

  12  0:34  Probe (Chrono Boost), Pylon  
  13  0:36  Pylon  
  13  0:40  Assimilator  
  13  0:45  Probe (Chrono Boost)  
  14  0:58  Gateway  
  14  1:01  Gateway  
  14  1:07  Probe (Chrono Boost)  
  15  1:18  Probe (Chrono Boost)  
  16  1:28  Probe (Chrono Boost)  
  16  1:30  Assimilator  
  17  1:39  Probe (Chrono Boost)  
  18  1:48  Cybernetics Core  
  18  1:49  Probe (Chrono Boost)  
  19  2:00  Probe (Chrono Boost)  
  20  2:10  Probe (Chrono Boost)  
  21  2:16  Warp Gate  
  21  2:21  Probe (Chrono Boost)  
  21  2:22  Pylon  
  22  2:28  Stalker  
  24  2:33  Probe (Chrono Boost)  
  24  2:35  Stalker  
  28  2:45  Probe (Chrono Boost)  
  29  3:00  Probe (Chrono Boost)  
  29  3:09  Stalker  
  31  3:18  Pylon  
  31  3:22  Pylon  
  31  3:36  Stalker  
  31  3:38  Probe (Chrono Boost)  
  31  3:39  Stalker  
  36  3:45  Stargate  
  36  3:52  Mothership Core (Chrono Boost)  
  38  4:06  Stalker  
  40  4:12  Probe (Chrono Boost)  
  41  4:18  Nexus  
  41  4:24  Probe (Chrono Boost)  
  42  4:36  Probe (Chrono Boost)  
  43  4:42  Pylon  
  43  4:45  Pylon  
  43  4:48  Probe (Chrono Boost)  
  44  4:58  Probe (Chrono Boost)  
  45  5:08  Gateway  
  45  5:09  Probe (Chrono Boost)  
  45  5:10  Gateway  
  46  5:19  Probe (Chrono Boost)  
  46  5:21  Twilight Council  
  47  5:30  Probe x2 (Chrono Boost)  
  49  5:40  Assimilator, Probe x2 (Chrono Boost)  
  49  5:42  Assimilator  
  51  5:51  Probe x2 (Chrono Boost)  
  53  5:58  Void Ray  
  53  6:00  Zealot x2  
  53  6:01  Probe x2 (Chrono Boost)  
  63  6:30  Stalker x4  
  71  6:44  Nexus  
  71  6:47  Assimilator, Probe (Chrono Boost)  
  71  6:48  Probe (Chrono Boost)  
  71  6:51  Assimilator  
  71  6:53  Pylon  
  73  6:56  Pylon  
  73  6:58  Probe (Chrono Boost)  
  73  6:59  Probe (Chrono Boost)  
  76  7:08  Probe (Chrono Boost)  
  76  7:09  Probe (Chrono Boost)  
  77  7:19  Probe (Chrono Boost)  
  77  7:20  Probe (Chrono Boost), Stalker x3  
  85  7:24  Stalker  
  85  7:29  Probe (Chrono Boost)  
  88  7:30  Probe (Chrono Boost)  
  88  7:31  Void Ray  
  93  7:40  Probe (Chrono Boost)  
  94  7:49  Pylon  
  94  7:52  Pylon  
  94  7:56  Probe x3 (Chrono Boost)  
  94  7:57  Pylon  
  97  7:59  Pylon  
  97  8:06  Probe x2 (Chrono Boost)  
  97  8:07  Probe (Chrono Boost)  
  100  8:17  Probe x3 (Chrono Boost)  
  92  8:24  Zealot  
  92  8:25  Zealot x3  
  84  8:27  Probe (Chrono Boost)  
Show
View Real Time Build Order
Export as new Build Order

Whiskydog Terran - Winner!

Build Orders:  

Get SALT Encoding   

  12  0:02  SCV  
  13  0:15  Supply Depot  
  13  0:18  SCV  
  14  0:30  SCV  
  15  0:48  Supply Depot  
  15  0:51  Barracks  
  15  0:59  SCV  
  16  1:11  SCV  
  16  1:12  Barracks  
  17  1:27  SCV  
  17  1:29  Barracks  
  18  1:52  Marine  
  19  2:05  Command Center  
  19  2:06  Marine  
  20  2:09  Marine  
  21  2:17  Marine  
  22  2:24  Marine  
  22  2:27  Supply Depot, Marine  
  24  2:33  Supply Depot  
  24  2:35  Marine  
  25  2:41  SCV  
  25  2:42  Marine  
  27  2:49  Marine  
  28  2:53  Marine  
  29  3:00  Marine  
  30  3:07  Marine, SCV  
  30  3:12  Marine  
  33  3:17  Marine  
  33  3:19  SCV  
  35  3:25  Supply Depot, Marine  
  36  3:29  Supply Depot  
  36  3:34  Orbital Command  
  36  3:44  Marine  
  36  3:45  Marine x2  
  39  4:02  Marine  
  39  4:03  Marine  
  41  4:24  Marine x3  
  44  4:33  Barracks x2  
  44  4:34  Barracks  
  44  4:42  Marine x2  
  46  4:46  SCV  
  48  4:55  Orbital Command  
  47  5:02  Supply Depot  
  47  5:03  Supply Depot  
  47  5:04  Supply Depot, Marine  
  47  5:05  Marine  
  49  5:16  Marine  
  50  5:22  Marine x2  
  52  5:33  SCV x2  
  52  5:34  Marine  
  55  5:37  Marine x3  
  55  5:40  Marine x2  
  60  5:45  SCV x2  
  62  5:52  Marine  
  62  5:55  Marine x3  
  67  5:57  SCV  
  67  5:58  Marine x2  
  69  6:04  SCV  
  69  6:09  SCV  
  69  6:10  Marine  
  72  6:13  Supply Depot, Marine x3  
  72  6:16  Marine  
  76  6:20  Supply Depot  
  76  6:21  SCV  
  76  6:22  SCV  
  78  6:40  Marine x6  
  84  6:53  Command Center  
  84  6:57  Marine x2  
  84  6:58  Marine x4  
  84  7:00  SCV x2  
  92  7:09  Supply Depot  
  92  7:11  Supply Depot  
  92  7:12  SCV x2  
  94  7:16  Marine x2  
  94  7:17  Marine x2  
  98  7:24  SCV x2  
  98  7:25  Marine  
  98  7:26  Marine  
  102  7:34  Marine x2  
  104  7:44  Marine x4  
  108  7:52  Marine x2  
  108  7:56  SCV  
  108  7:57  SCV  
  112  8:01  Marine  
  112  8:02  Marine x3  
  116  8:08  SCV  
  116  8:10  Marine x2, SCV x2  
  121  8:19  Marine x2  
  114  8:20  Marine x2  
  114  8:21  SCV  
  114  8:22  SCV x2  
  109  8:27  Marine  
  109  8:28  Marine  
  109  8:33  SCV  
Tags
 
Matchup
PvT
Replay Pack
SIII
Spawn Locations
Cross Positions
Add a new tag
Caveats
  • Supply blocks, unpowered buildings, or Contaminate may cause inaccurate times.
  • Supply counts are checked every 10 seconds.